ASMODEUS, neutral female scurrid Tourist -----.---- |........| +..d..I@.| ---------- ASMODEUS the Rambler Experience level: 1 Strength: 10 Dexterity: 14 Constitution: 14 Intelligence: 12 Wisdom: 10 Charisma: 14 Health: 0(9) Energy: 2(2) Def: 0 Gold: 48 Moves: 63 Dungeon seed: monLTxuNy3B7C3x2 Game ID: ASMODEUS_1498722600 Your Inventory: Coins $ - 48 gold pieces Weapons a - 40 uncursed +2 darts (in quiver) Armor e - a blessed +0 Hawaiian shirt (being worn) Comestibles b - an uncursed fortune cookie c - an uncursed tin of lichen d - 3 uncursed food rations f - an uncursed egg g - 2 uncursed chestnuts h - an uncursed tin of jackal meat i - an uncursed pear Scrolls l - 4 uncursed scrolls of magic mapping q - an uncursed scroll of scare monster Potions j - a blessed potion of extra healing k - an uncursed potion of extra healing Wands o - an uncursed wand of secret door detection (0:15) Tools m - an uncursed expensive camera (0:52) n - an uncursed credit card p - an uncursed towel Spells and supernatural/magical abilities: Name Level Category Fail Memory W - pray for help -- divine ? -- Your skills at the end: Miscellaneous Skills wands [Basic] Weapon Skills dart [Basic] Spellcasting Skills Final Attributes: You were devoutly aligned. You had infravision. You were very stealthy. You are dead. Voluntary challenges: You went without food. You did not adorn yourself with jewelry or accessories. You did not cause conflict. You were not invisible. You did not have reflection. You were not displaced. You were an atheist. You never hit with a wielded weapon. You were a pacifist. You did not use tools. You did not use plumbed fixtures. You did not drink any magical draughts. You were illiterate. You never genocided any monsters. You never polymorphed an object. You never changed form. You used no wishes. You never split a pudding. You never wrote Elbereth's name. You never violated your personal moral code. Dungeon overview: The Dungeons of Doom: levels 1 to 16 Level 1 a long staircase Level 2 a long staircase Level 3 Level 4 Level 5 Level 6 Level 7 Level 8 Level 9 Level 10 Level 11 a fountain Level 12 Level 13 many fountains Level 14 Level 15 Level 16 <- You were here History has recorded: On T:1 you entered the Dungeons of Doom to retrieve the Amulet of Yendor! On T:7 you reached level 2 of The Dungeons of Doom. On T:10 you reached level 3 of The Dungeons of Doom. On T:12 you reached level 4 of The Dungeons of Doom. On T:14 you reached level 5 of The Dungeons of Doom. On T:16 you reached level 6 of The Dungeons of Doom. On T:19 you reached level 7 of The Dungeons of Doom. On T:21 you reached level 8 of The Dungeons of Doom. On T:23 you reached level 9 of The Dungeons of Doom. On T:25 you reached level 10 of The Dungeons of Doom. On T:28 you reached level 11 of The Dungeons of Doom. On T:30 you reached level 12 of The Dungeons of Doom. On T:32 you reached level 13 of The Dungeons of Doom. On T:34 you reached level 14 of The Dungeons of Doom. On T:37 you reached level 15 of The Dungeons of Doom. On T:37 you entered the Rogue tribute level. On T:39 you reached level 16 of The Dungeons of Doom. Score breakdown: Gold: 0 ( 0 points) Experience: 1 level ( 0 points) Exploration: 16 levels ( 450 points) Discoveries: 1 item ( 50 points) Variety of kills: 0 monsters ( 0 points) Major goal: (nothing yet) ( 0 points) Survival: died (score multiplied by 3) Total score: 1500 Latest messages: An uncursed wand of secret door detection (0:15) hits the ceiling, then falls back on top of your head. An uncursed wand of secret door detection (0:15) hits the floor. o - an uncursed wand of secret door detection (0:15). An uncursed wand of secret door detection (0:15) hits the ceiling, then falls back on top of your head. An uncursed wand of secret door detection (0:15) hits the floor. o - an uncursed wand of secret door detection (0:15). Something touches you! An uncursed wand of secret door detection (0:15) hits the ceiling, then falls back on top of your head. An uncursed wand of secret door detection (0:15) hits the floor. o - an uncursed wand of secret door detection (0:15). There's still a monster there. (3x) Something touches you! There's still a monster there. (6x) Something touches you! There's still a monster there. (5x) Something touches you! You die... Final status: Aloha ASMODEUS the Tourist, killed by the invisible ghost of Kenneth Arnold... You died in The Dungeons of Doom on dungeon level 16 with 1500 points, and 48 pieces of gold, after 63 moves. You were level 1 with a maximum of 9 hit points when you died.